 Dungeon Crawl Stone Soup version 0.26-a0-43-g20b394cb32 (console) character file.

Game seed: 9121424194685339243

2690 Kagalorn the Carver (level 9, -8/78 HPs)
             Began as a Gargoyle Fighter on June 3, 2020.
             Was a Follower of the Shining One.
             Mangled by an orc knight
             ... wielding a +0 war axe
              (30 damage)
             ... in a bailey.
             The game lasted 00:19:09 (6606 turns).

Kagalorn the Carver (Gargoyle Fighter)              Turns: 6606, Time: 00:19:10

Health: -8/78      AC: 24    Str: 23    XL:     9   Next: 64%
Magic:  9/10       EV:  2    Int: 15    God:    the Shining One [*.....]
Gold:   90         SH:  9    Dex:  4    Spells: 8/8 levels left

rFire    . . .     SeeInvis +   a - +4 falchion
rCold    + . .     Gourm    .   c - +0 kite shield
rNeg     + + +     Faith    .   (armour currently unavailable)
rPois    ∞         Spirit   .   (helmet currently unavailable)
rElec    .         Reflect  .   (cloak currently unavailable)
rCorr    .         Harm     .   (gloves currently unavailable)
MR       .....     NoTele   +   (boots currently unavailable)
Stlth    +.........             u - amulet of the acrobat
HPRegen  0.23/turn              A - ring "Ickeng" {Str+2 Int+4 Dex-5 SInv Stlth+}
MPRegen  0.12/turn              v - ring of protection from cold

@: tree-form, glowing
A: negative energy resistance 1, petrification resistance, rot immunity, AC +6
a: Renounce Religion


You were in a bailey.
You worshipped the Shining One.
The Shining One was aware of your devotion.
You were very hungry.
You were a tree.
You visited 2 branches of the dungeon, and saw 8 of its levels.
You also visited: Bailey.

You collected 354 gold pieces.
You spent 264 gold pieces at shops.

Inventory:

Hand Weapons
 a - a +4 falchion (weapon)
 s - the +10 hand axe of Moral Flaws {vorpal, rC+ Int+4}
   (You took it off a kobold in a bailey)

   It inflicts extra damage upon your enemies.
   It affects your intelligence (+4).
   It protects you from cold.
Missiles
 n - 3 silver javelins (quivered)
Armour
 b - a +0 scale mail (melded)
 c - a +0 kite shield (worn)
 i - a +0 pair of gloves
 z - a +2 hat (melded)
 B - a +1 pair of boots (melded)
Jewellery
 u - an amulet of the acrobat (around neck)
 v - a ring of protection from cold (right branch)
 A - the ring "Ickeng" (left branch) {Str+2 Int+4 Dex-5 SInv Stlth+}
   (You bought it in a shop on level 5 of the Dungeon)

   [ring of stealth]

   It affects your strength (+2).
   It affects your intelligence (+4).
   It affects your dexterity (-5).
   It lets you see invisible.
   It makes you more stealthy.
Wands
 m - a wand of paralysis (8)
Scrolls
 j - 2 scrolls of blinking
 p - 5 scrolls of amnesia
 r - 2 scrolls of remove curse
 x - a scroll of magic mapping
 y - a scroll of teleportation {unknown}
 C - 2 scrolls of fear
 E - a scroll of summoning {unknown}
Potions
 d - 2 potions of might
 e - a potion of resistance
 g - 2 potions of magic
 h - 2 potions of brilliance
 k - a potion of heal wounds
 l - 3 potions of curing
 o - a potion of stabbing
 q - 4 potions of lignification
 t - 3 potions of flight
Miscellaneous
 w - a tin of tremorstones (2/3)
Comestibles
 f - 18 rations


   Skills:
 + Level 3.9 Fighting
 + Level 11.2 Long Blades
 + Level 3.9 Armour
 + Level 3.9 Shields
 + Level 1.7 Invocations


You had 8 spell levels left.
You didn't know any spells.
Your spell library was empty.

Dungeon Overview and Level Annotations

Branches:
Dungeon (7/15)             Temple (1/1) D:4          Bailey (1/1)

Altars:
Ashenzari
Cheibriados
Dithmenos
Elyvilon
Fedhas
Gozag
Hepliaklqana
Kikubaaqudgha
Makhleb
Nemelex Xobeh
Okawaru
Qazlal
Ru
Sif Muna
Trog
Uskayaw
Vehumet
Wu Jian
Xom
Yredelemnul
Zin
The Shining One

Shops:
D:5 *   D:6 }


Innate Abilities, Weirdness & Mutations

You are resistant to torment.
((Your stone body is resilient. (AC +6)))
You are immune to poison.
You resist negative energy. (rN+)
((You are resistant to electric shocks. (rElec)))
((You can survive without breathing.))
You are immune to petrification.
You are immune to rotting.


Message History

* * * LOW HITPOINT WARNING * * *
You barely miss the orc knight.
The orc knight is almost dead.
The orc knight hits you but does no damage.
You closely miss the orc knight.
The orc knight is almost dead.
You hit the orc knight.
You kill the orc knight!
Your Invocations skill increases to level 1!
You hit the orc knight but do no damage.
You block the orc knight's attack.
You hit the orc knight.
The orc knight is lightly wounded.
You hit the orc knight.
The orc knight is lightly wounded.
The orc knight hits you but does no damage.
You hit the orc knight.
The orc knight is lightly wounded.
The orc knight hits you with a +0 war axe!!
You die...

############# ##()##...#.)∩#
#(##..#....###
###########)###########
........(.)(gKo♣......##
......(#########....(..#
....#'# ######..## ⌠.K. #. #..+
#...## ## ...# # .# #..#
#....#≈≈≈ ...# '..#### ###..+
#..≈≈≈≈≈≈≈ .Kg###...^ ..
^...###..≈≈≈≈≈≈≈
KooKg#KK####'####..#..≈≈≈≈≈≈≈##
≈≈≈≈K####....g..####≈≈≈≈≈≈####


You could see an orc knight (strong), a goblin and a kobold.

Vanquished Creatures
  An orc knight (Bailey)
  Grinder (D:6)
  2 humans (D:7)
  2 orc warriors (Bailey)
  A sky beast (D:5)
  2 ogres (D:4)
  3 centaurs
  A bullfrog (D:5)
  A scorpion (D:5)
  A howler monkey (D:4)
  A crimson imp (D:5)
  2 hounds
  4 bullfrog skeletons
  2 orc priests (D:6)
  3 orc wizards (D:6)
  An iguana (D:4)
  Terence (D:3)
  7 worker ants
  A hound skeleton (D:4)
  Robin (D:3)
  16 gnolls
  10 adders
  3 adder skeletons
  2 worms (D:2)
  3 dart slugs
  3 leopard geckos
  11 orcs
  3 ball pythons
  7 giant cockroaches
  12 goblins
  15 hobgoblins
  2 jackals
  6 quokkas
  2 bats
  6 frilled lizards
  19 kobolds
  A quokka skeleton (D:4)
  5 rats
164 creatures vanquished.

Notes
Turn   | Place    | Note
-------+----------+-------------------------------------------
     0 | D:1      | Kagalorn the Gargoyle Fighter began the quest for the Orb.
     0 | D:1      | Reached XP level 1. HP: 14/14 MP: 1/1
    92 | D:1      | Reached skill level 2 in Long Blades
   136 | D:1      | Reached XP level 2. HP: 18/19 MP: 2/2
   710 | D:1      | Reached skill level 3 in Long Blades
   792 | D:1      | Reached XP level 3. HP: 21/23 MP: 3/3
   957 | D:2      | Reached XP level 4. HP: 20/28 MP: 4/4
  1193 | D:2      | Reached skill level 4 in Long Blades
  1463 | D:2      | Found a bloodstained altar of Trog.
  1514 | D:3      | Noticed Robin
  1692 | D:3      | Killed Robin
  1852 | D:3      | Reached XP level 5. HP: 32/32 MP: 5/5
  1914 | D:3      | Noticed Terence
  1930 | D:3      | Killed Terence
  1933 | D:3      | Reached skill level 5 in Long Blades
  2126 | D:3      | Found a snail-covered altar of Cheibriados.
  2410 | D:4      | Found a staircase to the Ecumenical Temple.
  2422 | D:4      | Reached XP level 6. HP: 36/37 MP: 6/6
  2438 | Temple   | Entered the Ecumenical Temple
  2511 | Temple   | Became a worshipper of the Shining One
  2606 | D:4      | HP: 1/37 [ogre/+0 giant spiked club (18)]
  2608 | D:4      | Reached skill level 6 in Long Blades
  3230 | D:4      | Reached XP level 7. HP: 6/41 MP: 7/7
  3574 | D:4      | Reached skill level 7 in Long Blades
  3751 | D:5      | Entered Level 5 of the Dungeon
  3776 | D:5      | Found Tugu's Assorted Antiques.
  3782 | D:5      | Bought a bound lead ring for 105 gold pieces
  3783 | D:5      | Identified the ring "Ickeng" {Str+2 Int+4 Dex-5 SInv
                  | Stlth+} (You bought it in a shop on level 5 of the Dungeon)
  3787 | D:5      | Bought a bubbling red potion for 18 gold pieces
  3787 | D:5      | Bought a sedimented red potion for 18 gold pieces
  3787 | D:5      | Bought a yellow potion for 18 gold pieces
  4031 | D:5      | Reached skill level 8 in Long Blades
  4168 | D:5      | Reached XP level 8. HP: 42/46 MP: 8/8
  4796 | D:6      | Reached skill level 9 in Long Blades
  4885 | D:6      | Reached * piety under the Shining One
  5111 | D:6      | Found Daonainu's Gadget Shop.
  5113 | D:6      | Noticed Grinder
  5125 | D:6      | Paralysed by Grinder for 4 turns
  5140 | D:6      | Paralysed by Grinder for 3 turns
  5144 | D:6      | Killed Grinder
  5293 | D:5      | Bought a scroll labeled ATEETW AJETIUDGH for 21 gold pieces
  5293 | D:5      | Bought a scroll of identify for 42 gold pieces
  5293 | D:5      | Bought 2 scrolls labeled TUGEHY OJUSSUA for 42 gold pieces
  5411 | D:6      | Found a sacrificial altar of Ru.
  6078 | D:7      | Reached skill level 10 in Long Blades
  6139 | D:7      | Reached XP level 9. HP: 27/51 MP: 9/9
  6216 | D:7      | Found an iron altar of Okawaru.
  6318 | D:7      | Reached skill level 11 in Long Blades
  6338 | D:7      | Found a flagged portal.
  6352 | Bailey   | Entered a bailey
  6369 | Bailey   | Identified the +10 hand axe of Moral Flaws {vorpal, rC+
                  | Int+4}
  6369 | Bailey   | Noticed an orc knight
  6560 | Bailey   | Noticed an orc knight
  6602 | Bailey   | Killed an orc knight
  6602 | Bailey   | Reached skill level 1 in Invocations
  6606 | Bailey   | Mangled by an orc knight

Illustrated notes

Levels and vault maps discovered:
D:1:      minmay_arrival_semitransparent, layout_loops_corners
D:2:      layout_loops_ring, kennysheep_nub, bloody_trog
D:3:      layout_rooms, lemuel_crystal_altar, minmay_checkerbox, uniq_robin,
          uniq_terence
D:4:      layout_gridville, minmay_temple_entry_arrows
D:5:      layout_gridville, serial_shops, shop, first_ration
D:6:      layout_loops_corners, serial_shops, nicolae_shop_waterfront,
          minmay_misc_feat_rugged, serial_park_tiny_pond,
          nicolae_ru_the_path_less_chosen, uniq_grinder
D:7:      cheibrodos_barr_body, layout_rooms, enter_bailey_8, okawaru_humans
Temple:   grunt_wide_crystal_templ
Bailey:   bailey_axe_4, bailey

Skill      XL: |  1  2  3  4  5  6  7  8  9 |
---------------+----------------------------+-----
Long Blades    | 2 3 4 5 6 8 10 11 | 11.2
Invocations    | 1 |  1.7
Fighting       | |  3.9
Armour         | |  3.9
Shields        | |  3.9

Action                   |  1- 3 |  4- 6 |  7- 9 || total
-------------------------+-------+-------+-------++-------
Melee: Long sword        |   106 |    86 |       ||   192
       Falchion          |       |   119 |   337 ||   456
       Hand axe          |       |       |     1 ||     1
Evoke: Tin of tremorston |       |       |     1 ||     1
  Use: Scroll            |       |       |    15 ||    15
       Potion            |       |       |     3 ||     3
  Eat: Chunk             |       |     8 |    10 ||    18
Armor: Scale mail        |    68 |    94 |   131 ||   293
       Skin              |       |       |     6 ||     6
Dodge: Dodged            |    40 |    73 |   140 ||   253
Block: Kite shield       |    63 |   108 |   163 ||   334
       Rpst.: Long sword |     8 |    13 |       ||    21
       Falchion          |       |    10 |    24 ||    34

Table legend:
 A = Non-vault XP
 B = Vault XP
 C = Vault XP percentage of total XP
 D = Non-vault monster count
 E = Vault monster count
 F = Vault count percentage of total count
                 A         B        C        D         E       F
            +---------+---------+-------+---------+---------+-------
      Total |    1938 |    1905 |  49.6 |     127 |      37 |  22.6
            +---------+---------+-------+---------+---------+-------
        D:1 |      59 |       0 |   0.0 |      19 |       0 |   0.0
        D:2 |      58 |      12 |  17.1 |      17 |       7 |  29.2
        D:3 |      62 |      61 |  49.6 |      17 |       9 |  34.6
        D:4 |     546 |       0 |   0.0 |      21 |       0 |   0.0
        D:5 |     572 |       0 |   0.0 |      17 |       0 |   0.0
        D:6 |     438 |     304 |  41.0 |      20 |       1 |   4.8
        D:7 |     203 |     669 |  76.7 |      16 |       5 |  23.8
     Bailey |       0 |     859 | 100.0 |       0 |      15 | 100.0
            +---------+---------+-------+---------+---------+-------
